 Dungeon Crawl Stone Soup version 0.29-a0-356-g7bc237e783 (webtiles) character file.

Game seed: 3061640165402413970

11457 YayAnonymity the Cleaver (level 11, -4/89 HPs)
             Began as a Gnoll Berserker on Apr 27, 2022.
             Was an Elder of Trog.
             Killed by refrigeration
             ... invoked by Fannar
              (14 damage)
             ... on level 10 of the Dungeon.
             The game lasted 00:16:19 (11162 turns).

YayAnonymity the Cleaver (Gnoll Berserker)         Turns: 11162, Time: 00:16:20

Health: -4/89      AC: 26    Str: 21    XL:     11   Next: 78%
Magic:  0/20       EV:  9    Int: 12    God:    Trog [****..]
Gold:   606        SH:  0    Dex: 14    Spells: 23/23 levels left

rFire   . . .      SeeInvis .   a - +0 hand axe (freeze)
rCold   + . .      Faith    .   (no shield)
rNeg    . . .      Spirit   +   A - +1 plate armour
rPois   .          Reflect  .   n - +0 helmet of Happiness {Int+5 Dex+3 Slay+2 Stlth-}
rElec   .          Harm     .   c - +0 cloak
rCorr   .          Rampage  +   g - +0 pair of gloves
Will    ++++.                   m - +2 pair of boots of Youthful Indiscretion {Contam Rampage rC+ Will+}
Stlth   ..........              G - amulet of guardian spirit
HPRegen 1.24/turn               q - +4 ring of protection
MPRegen 0.17/turn               B - ring of willpower

@: strong-willed, on berserk cooldown, regenerating, slowed, very slow
A: fangs 1, strong nose, distributed training
a: Renounce Religion, Berserk, Trog's Hand, Brothers in Arms


You were on level 10 of the Dungeon.
You worshipped Trog.
Trog was greatly pleased with you.
You visited 2 branches of the dungeon, and saw 13 of its levels.

You collected 606 gold pieces.

Inventory:

Hand Weapons
 a - a +0 hand axe of freezing (weapon)
 b - a +0 fustibalus
 f - a +2 flail of draining
 J - a +3 dire flail
Missiles
 e - 40 poisoned darts (quivered)
 P - a throwing net
Armour
 c - a +0 cloak (worn)
 g - a +0 pair of gloves (worn)
 j - an orb of light
 m - the +2 pair of boots of Youthful Indiscretion (worn) {Contam Rampage rC+ Will+}
   (You acquired it on level 10 of the Dungeon)

   rC:        It protects you from cold.
   Contam:    It causes magical contamination when unequipped.
   Rampage:   It bestows one free step when moving towards enemies.
   Will:      It increases your willpower.
 n - the +0 helmet of Happiness (worn) {Int+5 Dex+3 Slay+2 Stlth-}
   (You found it on level 4 of the Dungeon)

   Int:       It affects your intelligence (+5).
   Dex:       It affects your dexterity (+3).
   Slay:      It affects your accuracy & damage with ranged weapons and melee
   (+2).
   Stlth:     It makes you less stealthy.
 A - a +1 plate armour (worn)
Jewellery
 q - a +4 ring of protection (left hand)
 B - a ring of willpower (right hand)
 G - an amulet of guardian spirit (around neck)
 L - a +4 ring of protection
Wands
 s - a wand of paralysis (5)
 t - a wand of polymorph (3)
 u - a wand of acid (9)
 x - a wand of iceblast (19)
 I - a wand of flame (13)
Scrolls
 k - 3 scrolls of vulnerability
 p - a scroll of enchant weapon
 w - a scroll of blinking
 y - 2 scrolls of summoning
 C - 2 scrolls of noise
 D - 5 scrolls of teleportation
 H - a scroll of magic mapping
 K - a scroll of enchant armour
 O - 2 scrolls of identify
Potions
 d - 2 potions of heal wounds
 h - 2 potions of invisibility
 i - 6 potions of flight
 l - 3 potions of haste
 o - 2 potions of attraction
 r - a potion of mutation
 v - 6 potions of curing
 z - a potion of ambrosia
 E - a potion of might
 F - a potion of cancellation
 M - a potion of magic
 N - 2 potions of berserk rage


   Skills:
 + Level 9.4 Fighting
 + Level 6.6 Short Blades
 + Level 6.6 Long Blades
 + Level 9.4 Axes
 + Level 6.6 Maces & Flails
 + Level 6.6 Polearms
 + Level 6.6 Staves
 + Level 6.6 Slings
 + Level 6.6 Bows
 + Level 6.6 Crossbows
 + Level 6.6 Throwing
 + Level 8.1 Armour
 + Level 8.1 Dodging
 + Level 6.6 Stealth
 + Level 6.6 Shields
 + Level 6.6 Unarmed Combat
 + Level 6.6 Spellcasting
 + Level 5.5 Conjurations
 + Level 5.5 Hexes
 + Level 5.5 Summonings
 + Level 5.5 Necromancy
 + Level 5.5 Translocations
 + Level 5.5 Transmutations
 + Level 5.5 Fire Magic
 + Level 5.5 Ice Magic
 + Level 5.5 Air Magic
 + Level 5.5 Earth Magic
 + Level 5.5 Poison Magic
 + Level 7.2 Invocations
 + Level 6.6 Evocations


You had 23 spell levels left.
You didn't know any spells.
Your spell library was empty.

Dungeon Overview and Level Annotations

Branches:
Dungeon (12/15)            Temple (1/1) D:6            Lair (0/6) D:8
    Orc: D:9-12

Altars:
Ashenzari
Cheibriados
Dithmenos
Elyvilon
Fedhas
Gozag
Hepliaklqana
Kikubaaqudgha
Makhleb
Nemelex Xobeh
Okawaru
Qazlal
Ru
Sif Muna
Trog
Uskayaw
Vehumet
Wu Jian
Xom
Yredelemnul
Zin
The Shining One

Shops:
D:2 [   D:5 *   D:10 (

Annotations:
D:10 Fannar


Innate Abilities, Weirdness & Mutations

You have very sharp teeth.
Your uncanny sense of smell can sniff out nearby items.
Your experience applies equally to all skills.


Message History

You miss something. Something hits you but does no damage.
You hit something.
You feel sick.
You are no longer poisoned.
You hit something but do no damage. Something completely misses you.
You miss something. Your punch misses something. You completely miss something.
Something hits you but does no damage.
You closely miss something.
You are no longer berserk.
You are exhausted.
You feel yourself slow down. Something hits you but does no damage.
You hit something. Something hits you.
* * * LOW HITPOINT WARNING * * *
You feel much better. Something hits you but does no damage.
You hit something. Something hits you but does no damage.
You hear some strange, mumbled words.
The ambient heat is drained!
You resist.
* * * LOW HITPOINT WARNING * * *
Okay, then.
Okay, then.
Unknown command.
You barely miss something. Something hits you but does no damage.
You hit something but do no damage. Something hits you but does no damage.
You hit something but do no damage. Your bite misses something.
Something hits you but does no damage.
You barely miss something. Something hits you.
* * * LOW HITPOINT WARNING * * *
Something freezes you.
* * * LOW HITPOINT WARNING * * *
You hear some strange, mumbled words.
The ambient heat is drained!
You resist.
* * * LOW HITPOINT WARNING * * *
Your skin crawls.
You feel strong-willed.
You hear some strange, mumbled words.
You hit something but do no damage. Something hits you.
* * * LOW HITPOINT WARNING * * *
Something freezes you.
You hear some strange, mumbled words.
The ambient heat is drained!
You resist.
You die...

....# .##.# ###..
###########
#...[.....# ####
##........ ...#
####........ ##
#....⌠.⌠#.# .#
#.....∩.Y.# .#
#⌠†@{.# .###
###.### ...# #.#
.#.## #.# .#..##
#.# .....##### #.#
###......#### ##.#
.......#....###..#
#########....##.###


You could see an ice beast (summoned).

Vanquished Creatures
  3 two-headed ogres
  A boulder beetle (D:9)
  Erica (D:8)
  Urug (D:10)
  A cyclops (D:11)
  A wolf spider (D:12)
  Joseph (D:7)
  A gargoyle (D:11)
  Psyche (D:8)
  Maggie (D:7)
  3 trolls
  A steam dragon (D:8)
  A wyvern (D:8)
  3 vampire mosquitoes (D:10)
  An acid dragon (D:6)
  3 water moccasins
  A black bear (D:6)
  A sky beast (D:7)
  2 orc warriors
  2 ice beasts (D:6)
  4 wolves (D:8)
  2 centaurs
  3 phantoms
  4 kobold brigands
  3 necrophages
  8 bullfrogs
  4 gnoll sergeants
  2 scorpions
  8 wights (D:7)
  6 killer bees (D:9)
  An electric eel (D:10)
  2 jellies
  5 hounds
  A gnoll shaman (D:7)
  An orc priest (D:5)
  5 iguanas
  Ijyb (D:5)
  5 orc wizards
  29 gnolls
  7 adders
  3 shadow imps
  A white imp (D:6)
  An ufetubus (D:4)
  2 worms
  A dart slug (D:2)
  16 orcs
  9 endoplasms
  2 giant cockroaches
  10 goblins
  6 hobgoblins
  5 quokkas
  8 ball pythons
  6 bats
  2 frilled lizards
  30 kobolds
  5 rats
238 creatures vanquished.

Vanquished Creatures (others)
  2 fungi (D:4)
  A plant (D:4)
3 creatures vanquished.

Grand Total: 241 creatures vanquished

Notes
Turn   | Place    | Note
-------+----------+-------------------------------------------
     0 | D:1      | YayAnonymity the Gnoll Berserker began the quest for the
                  | Orb.
     0 | D:1      | Reached XP level 1. HP: 23/23 MP: 1/1
   271 | D:1      | Reached XP level 2. HP: 29/29 MP: 2/2
  1639 | D:2      | Found Zialo's Antique Armour Boutique.
  1683 | D:2      | Reached XP level 3. HP: 34/35 MP: 3/3
  1881 | D:2      | Reached skill level 1 in Invocations
  1982 | D:2      | Reached ** piety under Trog
  2123 | D:2      | Reached skill level 1 in Short Blades
  2123 | D:2      | Reached skill level 1 in Long Blades
  2123 | D:2      | Reached skill level 1 in Maces & Flails
  2123 | D:2      | Reached skill level 1 in Polearms
  2123 | D:2      | Reached skill level 1 in Staves
  2123 | D:2      | Reached skill level 1 in Slings
  2123 | D:2      | Reached skill level 1 in Bows
  2123 | D:2      | Reached skill level 1 in Crossbows
  2123 | D:2      | Reached skill level 1 in Throwing
  2123 | D:2      | Reached skill level 1 in Stealth
  2123 | D:2      | Reached skill level 1 in Shields
  2123 | D:2      | Reached skill level 1 in Unarmed Combat
  2123 | D:2      | Reached skill level 1 in Spellcasting
  2123 | D:2      | Reached skill level 1 in Evocations
  2150 | D:2      | Reached XP level 4. HP: 40/41 MP: 5/5
  2244 | D:2      | Found a faded altar of an unknown god.
  2484 | D:3      | Found a white marble altar of Elyvilon.
  2555 | D:3      | Reached skill level 1 in Conjurations
  2555 | D:3      | Reached skill level 1 in Hexes
  2555 | D:3      | Reached skill level 1 in Summonings
  2555 | D:3      | Reached skill level 1 in Necromancy
  2555 | D:3      | Reached skill level 1 in Translocations
  2555 | D:3      | Reached skill level 1 in Transmutations
  2555 | D:3      | Reached skill level 1 in Fire Magic
  2555 | D:3      | Reached skill level 1 in Ice Magic
  2555 | D:3      | Reached skill level 1 in Air Magic
  2555 | D:3      | Reached skill level 1 in Earth Magic
  2555 | D:3      | Reached skill level 1 in Poison Magic
  2734 | D:3      | Reached XP level 5. HP: 45/47 MP: 6/6
  3008 | D:3      | Found a bloodstained altar of Trog.
  3320 | D:4      | Identified the +0 helmet of Happiness {Int+5 Dex+3 Slay+2
                  | Stlth-}
  3469 | D:4      | Reached XP level 6. HP: 53/53 MP: 8/8
  3805 | D:4      | Reached *** piety under Trog
  4068 | D:4      | Reached skill level 5 in Armour
  4068 | D:4      | Reached skill level 5 in Dodging
  4352 | D:5      | Entered Level 5 of the Dungeon
  4352 | D:5      | Found Gozag's Platinum Reserve.
  4407 | D:5      | Reached XP level 7. HP: 55/59 MP: 10/10
  4483 | D:5      | Found an opulent altar of Gozag.
  4553 | D:5      | Noticed Ijyb
  4569 | D:5      | Killed Ijyb
  4656 | D:5      | Found an ancient bone altar of Kikubaaqudgha.
  4777 | D:5      | Found a glowing silver altar of Zin.
  5574 | D:6      | Reached XP level 8. HP: 65/67 MP: 12/12
  5758 | D:6      | Found a staircase to the Ecumenical Temple.
  5773 | Temple   | Entered the Ecumenical Temple
  6263 | D:6      | Reached **** piety under Trog
  6264 | D:6      | Reached XP level 9. HP: 55/72 MP: 14/14
  6423 | D:7      | Noticed Joseph
  6430 | D:7      | Killed Joseph
  6584 | D:7      | Noticed Maggie
  6595 | D:7      | Killed Maggie
  6596 | D:7      | Reached skill level 5 in Invocations
  6773 | D:7      | Reached XP level 10. HP: 60/79 MP: 17/17
  7649 | D:8      | Reached skill level 5 in Short Blades
  7649 | D:8      | Reached skill level 5 in Long Blades
  7649 | D:8      | Reached skill level 5 in Maces & Flails
  7649 | D:8      | Reached skill level 5 in Polearms
  7649 | D:8      | Reached skill level 5 in Staves
  7649 | D:8      | Reached skill level 5 in Slings
  7649 | D:8      | Reached skill level 5 in Bows
  7649 | D:8      | Reached skill level 5 in Crossbows
  7649 | D:8      | Reached skill level 5 in Throwing
  7649 | D:8      | Reached skill level 5 in Stealth
  7649 | D:8      | Reached skill level 5 in Shields
  7649 | D:8      | Reached skill level 5 in Unarmed Combat
  7649 | D:8      | Reached skill level 5 in Spellcasting
  7649 | D:8      | Reached skill level 5 in Evocations
  7999 | D:8      | Noticed Erica
  8015 | D:8      | Killed Erica
  8562 | D:8      | Found a staircase to the Lair.
  8723 | D:8      | Noticed Psyche
  8733 | D:8      | Killed Psyche
  9012 | D:9      | Noticed a boulder beetle
  9035 | D:9      | Killed a boulder beetle
  9036 | D:9      | Reached XP level 11. HP: 50/87 MP: 12/19
  9227 | D:9      | Found a sparkling altar of Nemelex Xobeh.
  9572 | D:9      | Found a blossoming altar of Fedhas.
  9647 | D:9      | Found a shimmering blue altar of Sif Muna.
  9894 | D:9      | Noticed a two-headed ogre
  9907 | D:9      | Killed a two-headed ogre
  9908 | D:9      | Reached skill level 5 in Conjurations
  9908 | D:9      | Reached skill level 5 in Hexes
  9908 | D:9      | Reached skill level 5 in Summonings
  9908 | D:9      | Reached skill level 5 in Necromancy
  9908 | D:9      | Reached skill level 5 in Translocations
  9908 | D:9      | Reached skill level 5 in Transmutations
  9908 | D:9      | Reached skill level 5 in Fire Magic
  9908 | D:9      | Reached skill level 5 in Ice Magic
  9908 | D:9      | Reached skill level 5 in Air Magic
  9908 | D:9      | Reached skill level 5 in Earth Magic
  9908 | D:9      | Reached skill level 5 in Poison Magic
 10097 | D:10     | Entered Level 10 of the Dungeon
 10149 | D:10     | You fall into a shaft and drop 2 floors!
 10149 | D:12     | Noticed a wolf spider
 10169 | D:12     | Killed a wolf spider
 10312 | D:11     | Identified a scroll of acquirement
 10327 | D:11     | Noticed a two-headed ogre
 10334 | D:11     | Killed a two-headed ogre
 10476 | D:11     | Noticed a cyclops
 10492 | D:11     | Killed a cyclops
 10592 | D:10     | Acquired the +2 pair of boots of Youthful Indiscretion
                  | {Contam Rampage rC+ Will+}
 10605 | D:10     | Noticed a two-headed ogre
 10617 | D:10     | Killed a two-headed ogre
 11122 | D:10     | Found Gehymif's Antique Weapon Boutique.
 11126 | D:10     | Noticed Urug
 11127 | D:10     | Noticed Fannar
 11137 | D:10     | Killed Urug
 11162 | D:10     | Killed from afar by Fannar

Illustrated notes

Levels and vault maps discovered:
D:1:      sevenhm_arrival_forest_fort_small_6, layout_basic
D:2:      layout_loops_cross, chequers_ecumenical_altar_simple, serial_shops,
          nicolae_shop_crystal, minmay_pentomino_pile
D:3:      layout_basic, marbit_many_paths, elyvilon_altar_3,
          nicolae_elevator_lobby_plus
D:4:      layout_rooms, kennysheep_minor_cross, chequers_big_river,
          dreamdust_mushroom_princess, grunt_decor_arrowhead
D:5:      layout_basic, overflow_temple_1_default,
          lemuel_zombie_altar_kikubaaqudgha, nicolae_gozag_zags_fifth_avenue,
          interstate_on_off, kennysheep_generic_room_16, uniq_ijyb
D:6:      minmay_clustersquares, layout_rooms, minmay_temple_entry_steel_oval
D:7:      layout_loops_corners, minivault_25, uniq_maggie, uniq_joseph
D:8:      layout_loops_ring, erik_lair_island, dk_noncrumbling_3, uniq_erica,
          uniq_psyche
D:9:      layout_long_grid, nemelex_spade_bored_becter, fedhas_altar_2,
          mainiacjoe_overflow_boulevard, nzn_sisyphean_effort
D:10:     layout_rooms, david_orc_4, serial_shops, shop_fountains,
          kennysheep_donut, uniq_urug, uniq_fannar
D:11:     layout_loops_cross, minmay_guarded_unrand_vampires_tooth
D:12:     layout_gridville, gammafunk_ghost_ooze
Temple:   jpeg_temple_clearing

Skill      XL: |  1  2  3  4  5  6  7  8  9 10 11 |
---------------+----------------------------------+-----
Invocations    | 1 2 3 4 5 6 7 |  7.2
Short Blades   | 1 2 3 4 5 6 |  6.6
Long Blades    | 1 2 3 4 5 6 |  6.6
Maces & Flails | 1 2 3 4 5 6 |  6.6
Polearms       | 1 2 3 4 5 6 |  6.6
Staves         | 1 2 3 4 5 6 |  6.6
Slings         | 1 2 3 4 5 6 |  6.6
Bows           | 1 2 3 4 5 6 |  6.6
Crossbows      | 1 2 3 4 5 6 |  6.6
Throwing       | 1 2 3 4 5 6 |  6.6
Stealth        | 1 2 3 4 5 6 |  6.6
Shields        | 1 2 3 4 5 6 |  6.6
Unarmed Combat | 1 2 3 4 5 6 |  6.6
Spellcasting   | 1 2 3 4 5 6 |  6.6
Evocations     | 1 2 3 4 5 6 |  6.6
Conjurations   | 1 2 3 4 5 |  5.5
Hexes          | 1 2 3 4 5 |  5.5
Summonings     | 1 2 3 4 5 |  5.5
Necromancy     | 1 2 3 4 5 |  5.5
Translocations | 1 2 3 4 5 |  5.5
Transmutations | 1 2 3 4 5 |  5.5
Fire Magic     | 1 2 3 4 5 |  5.5
Ice Magic      | 1 2 3 4 5 |  5.5
Air Magic      | 1 2 3 4 5 |  5.5
Earth Magic    | 1 2 3 4 5 |  5.5
Poison Magic   | 1 2 3 4 5 |  5.5
Armour         | 5 6 7 8 |  8.1
Dodging        | 5 6 7 8 |  8.1
Fighting       | 7 8 9 |  9.4
Axes           | 7 8 9 |  9.4

Action                   |  1- 3 |  4- 6 |  7- 9 | 10-12 || total
-------------------------+-------+-------+-------+-------++-------
Melee: Hand axe          |    92 |   121 |   209 |   358 ||   780
       Bite              |     9 |    18 |    27 |    44 ||    98
       Punch             |       |       |       |     6 ||     6
 Fire: Fustibalus        |       |     2 |    10 |       ||    12
Throw: Dart              |       |       |       |     7 ||     7
Invok: Berserk           |       |     2 |     7 |    12 ||    21
       Trog's Hand       |       |       |       |     2 ||     2
Evoke: Wand              |       |       |       |     1 ||     1
  Use: Scroll            |       |    15 |     7 |     6 ||    28
       Potion            |       |       |       |     4 ||     4
 Stab: Sleeping          |     1 |       |       |       ||     1
Armor: Animal skin       |     2 |       |       |       ||     2
       Leather armour    |    33 |    20 |       |       ||    53
       Scale mail        |       |    19 |     8 |       ||    27
       Plate armour      |       |       |   123 |   286 ||   409
Dodge: Dodged            |    56 |    67 |    70 |   201 ||   394

Table legend: (Time is in decaauts)
 A = Elapsed time spent in this place.
 B = Non-inter-level travel time spent in this place.
 C = Inter-level travel time spent in this place.
 D = Time resting spent in this place.
 E = Time spent auto-exploring this place.
 F = Levels seen in this place.
 G = Mean time per level.
                   A        B        C        D        E       F      G
               +--------+--------+--------+--------+--------+-----+--------+
         Total |  11295 |  10711 |    584 |    576 |   8266 |  13 |  868.8 |
       Dungeon |  11209 |  10642 |    567 |    576 |   8211 |  12 |  934.1 |
        Temple |     86 |     69 |     17 |      0 |     55 |   1 |   86.0 |
               +--------+--------+--------+--------+--------+-----+--------+

Top non-repeatable levels by time:
     D:1: 1573 daAuts
     D:8: 1312 daAuts
     D:9: 1235 daAuts
     D:5: 1217 daAuts
     D:7: 1215 daAuts
     D:4: 1145 daAuts
     D:2: 868 daAuts
     D:6: 798 daAuts
     D:3: 786 daAuts
    D:10: 596 daAuts
    D:11: 303 daAuts
    D:12: 157 daAuts
  Temple: 86 daAuts
